 Dungeon Crawl Stone Soup version 0.20-a0-640-g62ed22f (webtiles) character file.

2659 graki42 the Blocker (level 9, -7/55 HPs)
             Began as a Gargoyle Fighter on Feb 13, 2017.
             Was a Follower of Trog.
             Mangled by a rust devil (14 damage)
             ... on level 6 of the Dungeon.
             The game lasted 00:22:19 (5458 turns).

graki42 the Blocker (Gargoyle Fighter)              Turns: 5458, Time: 00:22:20

Health: -7/55      AC: -2    Str: 22    XL:     9   Next: 63%
Magic:  9/9        EV:  7    Int: 10    God:    Trog [*.....]
Gold:   428        SH: 11    Dex: 15    Spells: 8/8 levels left

rFire    . . .     SeeInvis .   i - +2 whip (freeze)
rCold    . . .     Gourm    .   H - +0 chain mail
rNeg     + . .     Faith    .   c - +0 shield
rPois    ∞         Spirit   .   (no helmet)
rElec    +         Reflect  .   (no cloak)
rCorr    +         Harm     +   l - +0 pair of gloves
MR       +....                  (no boots)
Stlth    ..........             o - amulet of harm
Regen    0.2/turn               K - +4 ring of dexterity
MPRegen  0.2/turn               k - ring of resist corrosion

@: corroded, flying
A: agile 1, magic resistance 1, negative energy resistance 1, electricity
resistance, unbreathing, petrification resistance, rot immunity, AC +5
a: Berserk, Burn Spellbooks, Renounce Religion


You were on level 6 of the Dungeon.
You worshipped Trog.
Trog was aware of your devotion.
You were near starving.

You visited 2 branches of the dungeon, and saw 8 of its levels.

You collected 428 gold pieces.

Inventory:

Hand Weapons
 i - a +2 whip of freezing (weapon)
 m - a +0 morningstar
Missiles
 r - a throwing net (quivered)
Armour
 c - a +0 shield (worn)
 l - a +0 pair of gloves (worn)
 H - a +0 chain mail (worn)
Jewellery
 k - a ring of resist corrosion (left hand)
 o - an amulet of harm (around neck)
 K - a +4 ring of dexterity (right hand)
Wands
 a - a wand of paralysis (5/24)
 g - a wand of polymorph (13/24)
 s - a wand of acid (8/15)
 E - a wand of lightning (6/15)
Scrolls
 d - a scroll of recharging
 n - a scroll of magic mapping {unknown}
 w - 3 scrolls of teleportation
 x - 6 scrolls of identify
 A - a scroll of fear {unknown}
 B - a scroll of remove curse
 C - 2 scrolls of amnesia {unknown}
 F - a scroll of fog {unknown}
 G - a scroll of immolation {unknown}
Potions
 e - 5 potions of curing
 h - a potion of resistance
 j - a potion of mutation
 v - 6 potions of brilliance
Books
 t - a book of Cantrips

   Spells                             Type                      Level
   a - Confusing Touch                Hexes                        1
   b - Animate Skeleton               Necromancy                   1
   c - Summon Small Mammal            Summoning                    1
   d - Apportation                    Translocation                1
   Trog disapproves of the use of such an item.
 z - a book of Minor Magic

   Spells                             Type                      Level
   a - Magic Dart                     Conjuration                  1
   b - Blink                          Translocation                2
   c - Call Imp                       Summoning                    2
   d - Slow                           Hexes                        2
   e - Conjure Flame                  Conjuration/Fire             3
   f - Mephitic Cloud                 Conjuration/Poison/Air       3
   Trog disapproves of the use of such an item.
 J - a book of Power

   Spells                             Type                      Level
   a - Iskenderun's Battlesphere      Conjuration/Charms           5
   b - Venom Bolt                     Conjuration/Poison           5
   c - Bolt of Magma                  Conjuration/Fire/Earth       5
   d - Iron Shot                      Conjuration/Earth            6
   e - Orb of Destruction             Conjuration                  7
   f - Spellforged Servitor           Conjuration/Summoning        7
   Trog disapproves of the use of such an item.
Miscellaneous
 y - a lightning rod (3/4)
Comestibles
 f - 8 bread rations
 p - 3 royal jellies
 q - a meat ration
 D - 5 fruits


   Skills:
 * Level 5.7 Fighting
 * Level 8.2 Maces & Flails
 * Level 6.4 Armour
 + Level 1.7 Dodging
 - Level 1.2 Stealth
 * Level 8.2 Shields
 + Level 1.0 Evocations


You had 8 spell levels left.
You didn't know any spells.

Dungeon Overview and Level Annotations

Branches:
Dungeon (7/15)             Temple (1/1) D:6

Altars:
Elyvilon
Fedhas
Makhleb
Nemelex Xobeh
Qazlal
Sif Muna
Trog
The Shining One


Innate Abilities, Weirdness & Mutations

You are resistant to torment.
Your stone body is resilient. (AC +5)
You are immune to poison.
You resist negative energy. (rN+)
You are resistant to electric shocks. (rElec)
You can survive without breathing.
You are immune to petrification.
You are immune to rotting.
You are agile. (Dex +2)
You are resistant to hostile enchantments. (MR+)


Message History

There is a stone staircase leading up here.
The rust devil barely misses you.
You fly upwards.
There is a stone staircase leading down here.
You hit the rust devil but do no damage.
The rust devil is moderately wounded.
The rust devil hits you.
You hit the rust devil but do no damage.
The rust devil is moderately wounded.
Your chain mail prevents you from hitting the rust devil.
The rust devil is moderately wounded.
The rust devil hits you! The rust devil corrodes you!
You hit the rust devil but do no damage.
The rust devil is moderately wounded.
The rust devil hits you!
* * * LOW HITPOINT WARNING * * *
You hit the rust devil but do no damage.
The rust devil is moderately wounded.
The rust devil hits you!
You die...

# #.......## #..# #
####..### #..# # ###..##
##.# #### ##...## #.##
...####...## #..#
.........############## #..#
####....#.............###).#
###.........###.....###)##
##......###@###....##..#
#.....##♣4.)♣##.##....##
#.....#)......#..#.....## #
#....###.....###.##.|...## #
#....#['..8..'[#.##......##
##
#....###.....###.###......#
.## #.....#).....)#..#
#....... ..#
#...#.##♣...♣##.####.......
..##
#..##..###∩###...#...#.....


You could see a rust devil.

Vanquished Creatures
  A rust devil (D:6)
  Grinder (D:5)
  A hippogriff (D:7)
  Sigmund (D:3)
  Eustachio (D:4)
  Duvessa (D:5)
  2 orc warriors (D:6)
  A bullfrog (D:6)
  2 scorpions
  Dowan (D:5)
  3 howler monkeys
  2 crimson imps (D:5)
  2 hounds
  A bullfrog skeleton (D:6)
  A jelly (D:7)
  6 orc wizards
  2 orc priests (D:6)
  A centaur skeleton (D:4)
  3 iguanas
  7 worker ants
  Ijyb (D:2)
  A hound zombie (D:5)
  A hound skeleton (D:5)
  3 gnolls (D:6)
  5 adders
  8 river rats (D:5)
  A shadow imp (D:6)
  2 oozes
  An adder skeleton (D:7)
  4 worms
  4 dart slugs
  2 leopard geckos
  27 orcs
  A ball python (D:4)
  A bat (D:2)
  3 giant cockroaches
  7 goblins
  9 hobgoblins
  12 jackals
  5 kobolds
  12 quokkas
  3 frilled lizards
  A giant cockroach zombie (D:6)
  A jackal zombie (D:5)
  A leopard gecko skeleton (D:4)
  A quokka skeleton (D:6)
  20 rats
177 creatures vanquished.

Vanquished Creatures (others)
  A gnoll (D:1)
  A frilled lizard (D:1)
2 creatures vanquished.

Grand Total: 179 creatures vanquished

Notes
Turn   | Place    | Note
-------+----------+-------------------------------------------
     0 | D:1      | graki42 the Gargoyle Fighter began the quest for the Orb.
     0 | D:1      | Reached XP level 1. HP: 14/14 MP: 1/1
    58 | D:1      | Reached XP level 2. HP: 11/19 MP: 2/2
   732 | D:1      | Reached XP level 3. HP: 22/23 MP: 3/3
  1034 | D:2      | Noticed Ijyb
  1042 | D:2      | Killed Ijyb
  1042 | D:2      | Reached XP level 4. HP: 26/29 MP: 4/4
  1675 | D:3      | Noticed Sigmund
  1689 | D:3      | Killed Sigmund
  1689 | D:3      | Reached XP level 5. HP: 24/33 MP: 5/5
  1689 | D:3      | Reached XP level 6. HP: 28/38 MP: 6/6
  2279 | D:4      | Reached skill level 5 in Armour
  2279 | D:4      | Reached XP level 7. HP: 37/43 MP: 7/7
  2319 | D:4      | Reached skill level 5 in Maces & Flails
  2382 | D:4      | Reached skill level 1 in Stealth
  2473 | D:4      | Noticed Eustachio
  2489 | D:4      | Killed Eustachio
  2516 | D:4      | Reached skill level 5 in Shields
  2786 | D:5      | Entered Level 5 of the Dungeon
  2797 | D:5      | Noticed Grinder
  2844 | D:5      | Paralysed by Grinder for 5 turns
  2854 | D:5      | Killed Grinder
  2854 | D:5      | Reached skill level 1 in Dodging
  2854 | D:5      | Reached XP level 8. HP: 13/48 MP: 8/8
  3523 | D:5      | Noticed Dowan
  3525 | D:5      | Noticed Duvessa
  3542 | D:5      | Killed Dowan
  3543 | D:5      | Killed Duvessa
  3628 | D:5      | Reached skill level 5 in Fighting
  3650 | D:5      | Gained mutation: You are agile. (Dex +2) [potion of mutation]
  3650 | D:5      | Gained mutation: You are resistant to hostile enchantments. (MR+) [potion of mutation]
  4080 | D:6      | Found a staircase to the Ecumenical Temple.
  4089 | Temple   | Entered the Ecumenical Temple
  4123 | Temple   | Became a worshipper of Trog the Wrathful
  4349 | D:6      | Got a bloodstained scimitar
  4350 | D:6      | Identified the +4 scimitar of Internal Strife {slice, *Rage rC- MR++ Str+8} (You found it on level 6 of the Dungeon)
  4408 | D:6      | Reached XP level 9. HP: 54/54 MP: 9/9
  5005 | D:7      | Reached * piety under Trog
  5104 | D:6      | Noticed a rust devil
  5104 | D:6      | Noticed a rust devil
  5281 | D:6      | Killed a rust devil
  5281 | D:6      | Reached skill level 1 in Evocations
  5458 | D:6      | Mangled by a rust devil

Vault maps used:
D:1:      dpeg_cavernosity, lemuel_old_faithful
D:2:      uniq_iyjb
D:3:      minmay_divided_ellipse, uniq_sigmund
D:4:      first_bread, dk_noncrumbling_3, feat_on_display, uniq_eustachio
D:5:      lemuel_ratsnest, uniq_duvessa, uniq_grinder
D:6:      cheibrodos_iron_armory, minmay_temple_entry_fiery,
          kennysheep_generic_room_9
Temple:   nicolae_temple_the_god_donut

Skill      XL: |  1  2  3  4  5  6  7  8  9 |
---------------+----------------------------+-----
Shields        | 4 5 7 8 |  8.2
Armour         | 4 5 6 |  6.4
Maces & Flails | 4 6 7 8 |  8.2
Fighting       | 4 5 |  5.7
Stealth        | 1 |  1.2
Dodging        | 1 |  1.7
Evocations     | 1 |  1.0

Action                   |  1- 3 |  4- 6 |  7- 9 || total
-------------------------+-------+-------+-------++-------
Melee: Flail             |   102 |    33 |       ||   135
       Whip              |    14 |   137 |   518 ||   669
Invok: Berserk           |       |       |     1 ||     1
Evoke: Wand              |       |       |     8 ||     8
       Lightning rod     |       |       |     1 ||     1
  Use: Potion            |     1 |       |     7 ||     8
       Scroll            |       |     6 |     4 ||    10
  Eat: Chunk             |     1 |     4 |    10 ||    15
Armor: Scale mail        |    36 |    66 |   140 ||   242
       Chain mail        |       |       |    17 ||    17
Dodge: Dodged            |    39 |    42 |   112 ||   193
Block: Shield            |    63 |    67 |   224 ||   354
